 Dungeon Crawl Stone Soup version 0.21.1-1-g345015fe64 (webtiles) character file.

390 Lentor the Slasher (level 6, 0/57 HPs)
             Began as a Minotaur Berserker on June 11, 2018.
             Was a Believer of Trog.
             Slain by Dowan
             ... wielding a +0 dagger
              (4 damage)
             ... on level 4 of the Dungeon.
             The game lasted 00:05:35 (2454 turns).

Lentor the Slasher (Minotaur Berserker)             Turns: 2454, Time: 00:05:36

Health: 0/57       AC:  6    Str: 23    XL:     6   Next: 50%
Magic:  5/5        EV: 12    Int:  4    God:    Trog [**....]
Gold:   136        SH:  0    Dex: 10    Spells: 5/5 levels left

rFire    . . .     SeeInvis .   a - +0 falchion
rCold    . . .     Gourm    .   (no shield)
rNeg     + . .     Faith    .   u - +0 ring mail
rPois    .         Spirit   .   (helmet restricted)
rElec    .         Reflect  .   (no cloak)
rCorr    .         Harm     .   b - +0 pair of gloves
MR       .....                  (no boots)
Stlth    +.........             (no amulet)
HPRegen  0.19/turn              l - ring of positive energy
MPRegen  0.09/turn              (no ring)

@: berserk cooldown, slowed, very slow
A: retaliatory headbutt, horns 2
a: Berserk, Trog's Hand, Burn Spellbooks, Renounce Religion


You were on level 4 of the Dungeon.
You worshipped Trog.
Trog was pleased with you.
You were near starving.

You visited 1 branch of the dungeon, and saw 4 of its levels.

You collected 136 gold pieces.

Inventory:

Hand Weapons
 a - a +0 falchion (weapon)
Missiles
 v - 2 javelins (quivered)
Armour
 b - a +0 pair of gloves (worn)
 u - a +0 ring mail (worn)
Jewellery
 l - a ring of positive energy (left hand)
 m - an uncursed ring of fire
Wands
 p - a wand of flame (27)
Scrolls
 g - 2 scrolls of teleportation
 h - a scroll of fear
 k - 3 scrolls of remove curse
Potions
 e - a potion of agility
 f - a potion of haste
 i - 4 potions of curing {unknown}
 j - 2 potions of lignification {unknown}
 n - a potion of brilliance {unknown}
 o - 2 potions of flight {unknown}
 q - a potion of heal wounds {unknown}
 r - a potion of cancellation {unknown}
Comestibles
 c - 8 rations


   Skills:
 + Level 5.8 Fighting
 + Level 6.1 Long Blades
 + Level 3.5 Armour
 + Level 3.8 Dodging
 + Level 0.5 Stealth


You had 5 spell levels left.
You didn't know any spells.

Dungeon Overview and Level Annotations

Branches:
Dungeon (4/15)
 Temple: D:4-7

Altars:
Zin

Annotations:
D:3 1 runed door
D:4 Dowan


Innate Abilities, Weirdness & Mutations

You reflexively headbutt those who attack you in melee.
You have a pair of horns on your head.


Message History

You are too injured to fight recklessly!
You are too injured to fight recklessly!
You are too injured to fight recklessly!
You are too injured to fight recklessly!
You closely miss Dowan. Dowan barely misses you.
You riposte.
You slash Dowan! Your headbutt misses Dowan.
Dowan is heavily wounded.
Dowan closely misses you.
You riposte.
You miss Dowan. You headbutt Dowan, but do no damage.
Dowan is heavily wounded.
Dowan hits you but does no damage.
You closely miss Dowan.
Dowan is heavily wounded.
Dowan casts a spell.
Dowan blinks!
Unknown command.
Dowan hits you with a dagger!
* * * LOW HITPOINT WARNING * * *
Dowan hits you with a dagger.
You die...

... ... .. ..
.### ...
##########)######
.........@e......
##########.######
.# +#


You could see Dowan.

Vanquished Creatures
  Sigmund (D:3)
  Duvessa (D:4)
  An orc wizard (D:3)
  An adder (D:3)
  3 oozes
  4 dart slugs
  A leopard gecko (D:1)
  3 orcs (D:3)
  8 giant cockroaches
  4 goblins
  9 hobgoblins
  3 jackals (D:1)
  5 kobolds
  A quokka (D:2)
  8 bats
  5 frilled lizards
  9 rats
67 creatures vanquished.

Notes
Turn   | Place    | Note
-------+----------+-------------------------------------------
     0 | D:1      | Lentor the Minotaur Berserker began the quest for the Orb.
     0 | D:1      | Reached XP level 1. HP: 19/19 MP: 0/0
    63 | D:1      | Reached XP level 2. HP: 24/27 MP: 1/1
    65 | D:1      | Reached skill level 4 in Long Blades
   337 | D:1      | Reached XP level 3. HP: 28/34 MP: 2/2
   590 | D:1      | Reached ** piety under Trog
  1329 | D:2      | Reached XP level 4. HP: 37/41 MP: 3/3
  1656 | D:3      | Noticed Sigmund
  1669 | D:3      | Killed Sigmund
  1669 | D:3      | Reached skill level 5 in Fighting
  1669 | D:3      | Reached skill level 5 in Long Blades
  1669 | D:3      | Reached XP level 5. HP: 20/48 MP: 4/4
  1981 | D:3      | Found a glowing silver altar of Zin.
  1981 | D:3      | Noticed an angel
  1982 | D:3      | Found a runed door.
  2056 | D:3      | Reached XP level 6. HP: 14/56 MP: 5/5
  2435 | D:4      | Noticed Duvessa
  2435 | D:4      | Noticed Dowan
  2445 | D:4      | Killed Duvessa
  2445 | D:4      | Reached skill level 6 in Long Blades
  2454 | D:4      | Slain by Dowan

Skill      XL: |  1  2  3  4  5  6 |
---------------+-------------------+-----
Fighting       | 4 5 |  5.8
Long Blades    | 4 5 6 |  6.1
Armour         | 3 |  3.5
Dodging        | 3 |  3.8
Stealth        | |  0.5

Action                   |  1- 3 |  4- 6 || total
-------------------------+-------+-------++-------
Melee: Falchion          |    63 |    59 ||   122
       Headbutt          |    14 |    14 ||    28
Invok: Berserk           |     1 |     2 ||     3
  Use: Scroll            |       |     6 ||     6
  Eat: Chunk             |     1 |     2 ||     3
       Ration            |       |     1 ||     1
Armor: Animal skin       |    10 |       ||    10
       Ring mail         |       |    18 ||    18
Dodge: Dodged            |    55 |    23 ||    78
       Rpst.: Falchion   |    14 |     6 ||    20
